 Dungeon Crawl Stone Soup version 0.29.1-15-g9cfb28693d (webtiles) character file.

Game seed: 12360418643763000514

301 croobank the Insei (level 6, -3/41 HPs)
             Began as an Octopode Transmuter on Mar 8, 2023.
             Slain by Jessica
             ... wielding a +0 club
              (4 damage)
             ... on level 3 of the Dungeon.
             The game lasted 00:08:18 (3465 turns).

croobank the Insei (Octopode Transmuter)            Turns: 3465, Time: 00:08:18

Health: -3/41      AC:  1    Str:  9    XL:     6   Next: 37%
Magic:  8/10       EV: 13    Int: 18    God:
Gold:   39         SH:  6    Dex: 12    Spells: 8/11 levels left

rFire   . . .      SeeInvis .   e - +0 short sword (drain)
rCold   . . .      Faith    .   l - +2 buckler
rNeg    . . .      Spirit   .   (helmet currently unavailable)
rPois   .          Reflect  .   (no amulet)
rElec   .          Harm     .   p - ring of resist corrosion
rCorr   +          Rampage  .   (no ring)
Will    .....                   (no ring)
Stlth   ++........              (no ring)
HPRegen 0.13/turn               (no ring)
MPRegen 0.12/turn               (no ring)
                                (no ring)
                                (no ring)

@: appendages, wereblooded, slowed, very slow
A: tentacle spike 3, almost no armour, amphibious, 8 rings, camouflage 1,
gelatinous body 1, (nimble swimmer 1), tentacles
a: End Transformation


You were on level 3 of the Dungeon.
One of your tentacles had grown a beastly spike.
You visited 1 branch of the dungeon, and saw 3 of its levels.
You also visited: Sewer.

You collected 88 gold pieces.
You spent 49 gold pieces at shops.

Inventory:

Hand Weapons
 e - a +0 short sword of draining (weapon)
 s - a +1 war axe
Missiles
 j - 5 boomerangs
 y - a curare-tipped dart
Armour
 l - a +2 buckler (worn)
Jewellery
 p - a ring of resist corrosion (left tentacle)
 r - a ring of protection from fire
Scrolls
 c - a scroll of noise
 k - 2 scrolls of fear
 m - a scroll of teleportation
 o - a scroll of identify {unknown}
 t - 2 scrolls of blinking
 x - a scroll of poison {unknown}
Potions
 a - a potion of lignification
 b - 3 potions of cancellation {unknown}
 d - 2 potions of magic {unknown}
 f - 2 potions of attraction {unknown}
 g - a potion of resistance {unknown}
 h - 3 potions of mutation {unknown}
 i - a potion of might {unknown}
 n - 3 potions of curing {unknown}
 q - a potion of brilliance
 u - 2 potions of heal wounds
 v - a potion of haste {unknown}


   Skills:
 + Level 2.6 Fighting
 + Level 3.2 Dodging
 + Level 1.7 Shields
 + Level 3.9 Unarmed Combat
 + Level 3.0 Spellcasting
 + Level 3.3 Transmutations


You had 8 spell levels left.
You knew the following spells:

 Your Spells              Type           Power      Damage    Failure   Level
a - Beastly Appendage     Tmut           28%        N/A       5%          1
b - Wereblood             Tmut           14%        N/A       9%          2

Your spell library contained the following spells:

 Spells                   Type           Power      Damage    Failure   Level
 Spider Form              Tmut/Pois      8%         N/A       32%         3
 Ice Form                 Ice/Tmut       8%         N/A       73%         4


Dungeon Overview and Level Annotations

Branches:
Dungeon (3/15)              Sewer (visited)

Altars:
Qazlal
Trog

Shops:
D:2 [

Annotations:
D:2 digging, 1 runed translucent door, Crazy Yiuf, Terence
D:3 Jessica


Innate Abilities, Weirdness & Mutations

One of your tentacles has grown a beastly spike.
You cannot wear most types of armour.
You are amphibious.
You can wear up to eight rings at the same time.
Your skin changes colour to match your surroundings (Stealth+).
Your rubbery body absorbs attacks. (AC +1, EV +1)
((You are camouflaged when in or above water. (Stealth+)))
You have tentacles for arms and can constrict up to eight enemies at once.


Message History

Jessica mumbles some strange words.
Jessica seems to speed up.
Jessica hits the bush but does no damage.
Jessica zaps a wand.
You block the puff of flame.
Your tentacle spike disappears.
Jessica zaps a wand.
The puff of flame hits you!
You see here a hobgoblin corpse.
Jessica mumbles some strange words.
Jessica blinks!
Jessica mumbles some strange words.
Jessica blinks!
Things that are here:
a +0 short sword; 2 stones
Casting: Wereblood (safe; 9% risk of failure)
Confirm with . or Enter, or press ? or * to list all spells.
One of your tentacles grows a vicious spike.
Casting: Beastly Appendage (safe; 5% risk of failure)
Confirm with . or Enter, or press ? or * to list all spells.
Your blood is infused with primal strength.
Jessica casts a spell.
Jessica blinks!
Jessica points at you and mumbles some strange words.
You barely resist.
Jessica points at you and mumbles some strange words.
You feel yourself slow down.
Jessica very coldly says, "I hate your company."
Jessica hits you with a +0 club. You block Jessica's attack.
You completely miss Jessica. Your grab misses Jessica.
Your tentacle spike misses Jessica.
Jessica zaps a wand.
The puff of flame misses you.
Jessica zaps a wand.
The puff of flame hits you!
* * * LOW HITPOINT WARNING * * *
You hit Jessica. You grab Jessica. You squeeze Jessica.
Jessica is severely wounded.
You constrict Jessica, but do no damage.
The bush seems less drained.
Jessica hits you with a +0 club.
* * * LOW HITPOINT WARNING * * *
Jessica hits you with a +0 club.
* * * LOW HITPOINT WARNING * * *
Jessica hits you with a +0 club.
You die...

.
#.............##+##...........
#............## ##........##
#.............#####...#.....##
#..!...........................
#.###.)........................
.. #.....###........>.........
.###.....###..................
....[........@.....###........
.............@.....# #........
.....###...).......# #........


...PPPPPPPPP.PPP...# #...##### ###P.P...P.P†..P...# #... P.P.PPP.P.PPP...# #...
..P............## #. P.PPPPP.PPPPP..# ## P...P.....P..# P.PPP.PPPPP .# You could
see Jessica (fast).

Vanquished Creatures
  2 kobold brigands (Sewer)
  Natasha (twice) (D:3)
  4 adders
  A river rat (Sewer)
  4 worms
  7 ball pythons
  8 endoplasms
  4 giant cockroaches (D:1)
  5 hobgoblins
  6 kobolds
  2 quokkas
  9 bats
  2 frilled lizards (D:1)
  A goblin (D:1)
  7 rats
64 creatures vanquished.

Notes
Turn   | Place    | Note
-------+----------+-------------------------------------------
     0 | D:1      | croobank the Octopode Transmuter began the quest for the
                  | Orb.
     0 | D:1      | Reached XP level 1. HP: 13/13 MP: 3/3
   158 | D:1      | Reached XP level 2. HP: 18/18 MP: 3/5
   161 | D:1      | Learned a level 2 spell: Wereblood
  1126 | D:1      | Reached XP level 3. HP: 23/23 MP: 1/6
  1215 | D:2      | Found a bloodstained altar of Trog.
  1386 | D:2      | Found a faded altar of an unknown god.
  1634 | D:2      | Found Leiwek's Armour Boutique.
  1648 | D:2      | Bought a +0 buckler for 49 gold pieces
  2099 | D:2      | Noticed Terence
  2210 | D:2      | Identified the +4 hammer of Qocrey {flame, +Blink Str+5
                  | Int-5 Stlth+}
  2212 | D:2      | Found a runed translucent door.
  2213 | D:2      | Noticed Crazy Yiuf
  2241 | D:3      | Noticed Natasha
  2269 | D:3      | Killed Natasha
  2270 | D:3      | Reached XP level 4. HP: 29/29 MP: 2/7
  2307 | D:3      | Found a stormy altar of Qazlal.
  2485 | D:3      | Noticed Natasha
  2492 | D:3      | Killed Natasha
  2562 | D:3      | Reached XP level 5. HP: 34/34 MP: 4/8
  2563 | D:3      | Found a glowing drain.
  2598 | Sewer    | Entered a sewer
  2990 | Sewer    | Noticed a kobold brigand
  3003 | Sewer    | Killed a kobold brigand
  3004 | Sewer    | Reached skill level 1 in Shields
  3255 | Sewer    | Reached XP level 6. HP: 41/41 MP: 7/10
  3425 | D:3      | Noticed Jessica
  3465 | D:3      | HP: 1/41 [Jessica/+0 club (4)]
  3465 | D:3      | Slain by Jessica

Illustrated notes

Levels and vault maps discovered:
D:1:      lemuel_arrival_rhombus, layout_loops_corners
D:2:      minmay_thinvault, layout_loops_ring, serial_glass, glass_columns_c,
          glass_columns_a, feat_on_display, item_on_display_a,
          due_unseen_surprise, feat_on_display,
          chequers_ecumenical_altar_twisty, serial_shops, shop_statue,
          basic_altar, uniq_crazy_yiuf_cottage, uniq_terence
D:3:      layout_basic, grunt_qazlal_clouds, zin_statuary,
          mainiacjoe_overflow_alcove_2, grunt_nemelex_the_gamble,
          cheibrodos_sewer_entry_drain, minmay_hedge_maze, uniq_jessica,
          uniq_natasha

Skill      XL: |  1  2  3  4  5  6 |
---------------+-------------------+-----
Fighting       | 2 |  2.6
Dodging        | 3 |  3.2
Shields        | 1 |  1.7
Transmutations | 3 |  3.3
Spellcasting   | 3 |  3.0
Unarmed Combat | |  3.9

Action                   |  1- 3 |  4- 6 || total
-------------------------+-------+-------++-------
Melee: Unarmed           |    14 |       ||    14
       Kick              |    15 |    22 ||    37
       Constrict         |    14 |    14 ||    28
       Tentacles         |     8 |    13 ||    21
       Punch             |     5 |     2 ||     7
       Short sword       |    64 |    70 ||   134
 Cast: Beastly Appendage |    22 |    16 ||    38
       Wereblood         |    14 |    15 ||    29
  Use: Scroll            |     2 |     6 ||     8
       Potion            |     2 |       ||     2
 Stab: Sleeping          |     6 |     5 ||    11
Armor: Skin              |    70 |    10 ||    80
Dodge: Dodged            |    66 |    26 ||    92
Block: Buckler           |       |     2 ||     2
